 Dungeon Crawl Stone Soup version 0.32-a0-422-g28b100f (webtiles) character file.

Game seed: 1057425652852357122

2153 staltz the Grappler (level 9, -2/59 HPs)
             Began as a Djinni Shapeshifter on Feb 21, 2024.
             Was a Follower of Beogh.
             Slain by a wight
             ... wielding a +4 scimitar
              (9 damage)
             ... on level 6 of the Dungeon.
             The game lasted 00:20:58 (7017 turns).

staltz the Grappler (Djinni Shapeshifter)           Turns: 7017, Time: 00:20:59

Health: -2/59      AC:  7    Str: 17    XL:     9   Next: 56%
Gold:   305        EV: 12    Int: 11    God:    Beogh [*.....] SH:  0 Dex: 14

rFire   + +          +
                       - Unarmed
rCold   x . .        (no shield)
rNeg    + . .        m - +1 ring mail {rF+}
rPois   ∞            (helmet currently unavailable)
rElec   .            (cloak currently unavailable)
rCorr   .            (gloves currently unavailable)
SInv    .            (boots unavailable)
Will    .....        (no amulet)
Stlth   +            e - ring of positive energy
HPRegen 0.29/turn    (no ring)
MPRegen 0.00/turn

%: infuse magic (-3 HP)
@: beast-form, flying
A: beast (slay +2), flying, sickness immunity, fire resistance 2, cold
vulnerability 1, float, innate caster, HP casting, extra vitality 1
a: Begin Untransformation, Renounce Religion


You were on level 6 of the Dungeon.
You worshipped Beogh.
Beogh was aware of your devotion.
You were a hulking beast.
You visited 1 branch of the dungeon, and saw 7 of its levels.

You collected 305 gold pieces.

Inventory:

Missiles
 g - 7 boomerangs (quivered)
 h - 45 stones
Armour
 a - a +0 animal skin
 i - a +0 cloak
 m - a +1 ring mail of fire resistance (worn)
 s - the +2 leather armour of the Kodama {rF+++ MP+9 Str+3 Dex-3}
   (You found it on level 3 of the Dungeon)

   Str+3:     It affects your strength (+3).
   Dex-3:     It affects your dexterity (-3).
   rF+++:     It renders you almost immune to fire.
   MP+9:      It affects your magic capacity (+9).
Magical Staves
 w - a staff of air
Jewellery
 e - a ring of positive energy (left hand)
 u - a ring of ice
Talismans
 c - a beast talisman (active)
 d - a flux talisman
Wands
 B - a wand of digging (5)
 C - a wand of paralysis (4)
 D - a wand of quicksilver (8)
Scrolls
 f - 4 scrolls of teleportation
 k - a scroll of amnesia {unknown}
 n - 3 scrolls of noise
 o - a scroll of fog
 p - a scroll of revelation {unknown}
 r - a scroll of blinking {unknown}
 t - a scroll of fear {unknown}
 y - a scroll of brand weapon {unknown}
 A - a scroll of vulnerability {unknown}
Potions
 b - a potion of magic {unknown}
 j - a potion of attraction {unknown}
 l - 2 potions of curing
 q - a potion of might {unknown}
 v - a potion of enlightenment {unknown}
 x - a potion of invisibility {unknown}
 z - a potion of brilliance {unknown}
 E - a potion of degeneration {unknown}


   Skills:
 + Level 2.5 Fighting
 + Level 1.6 Throwing
 + Level 5.4 Armour
 + Level 4.7 Dodging
 + Level 1.0 Stealth
 + Level 8.5 Unarmed Combat
 + Level 4.4 Shapeshifting


You knew the following spells:

 Your Spells              Type           Power      Damage    Failure   Level
a - Necrotise             Necr           0%         1d4       52%         1
b - Ensorcelled Hibernat  Hex/Ice        0%         N/A       67%         2
c - Passwall              Erth           0%         N/A       88%         3
d - Tukima's Dance        Hex            0%         N/A       88%         3
Your spell library was empty.

Dungeon Overview and Level Annotations

Branches:
Dungeon (7/15)             Temple (0/1) D:5

Altars:
Cheibriados
Dithmenos
Gozag
Uskayaw
Wu Jian
Xom
The Shining One

Shops:
D:2 =

Annotations:
D:4 3 runed translucent doors, Truedra's ghost, amateur CoHu; brrff's ghost, amateur MiMo


Innate Abilities, Weirdness & Mutations

You are a hulking beast.
Your limbs bulge with bestial killing power. (Slay +2)
You are flying.
You are immune to sickness and miasma.
You are immune to poison.
Your flesh is very heat resistant. (rF++)
You are vulnerable to cold. (rC-)
You float through the air rather than walking.
You learn spells naturally, not from books.
Your magical power is your life essence.
You have superior vitality. (+4 MHP)


Message History

Unknown command.
The killer bee closely misses you. The wight attacks as it pursues you!
The wight hits you with a +4 scimitar! The killer bee stings you.
The killer bee attacks as it pursues you!
The killer bee stings you! The killer bee closely misses you.
The killer bee misses you. The killer bee stings you.
The killer bee stings you!
Okay, then.
You miss the killer bee. The killer bee barely misses you.
The killer bee stings you.
You barely miss the killer bee. The killer bee closely misses you.
Okay, then.
Okay, then.
You hit the wight.
The wight is moderately damaged.
The killer bee closely misses you. The killer bee misses you.
The wight hits you with a +4 scimitar!
* * * LOW HITPOINT WARNING * * *
Unknown command.
You barely miss the wight. Your punch misses the wight.
The wight is moderately damaged.
The killer bee stings you.
* * * LOW HITPOINT WARNING * * *
The killer bee closely misses you.
You feel better.
The killer bee stings you but does no damage.
The wight barely misses you. The killer bee closely misses you.
Aiming: Paralyse
Press: ? - help, Shift-Dir - straight line, f - killer bee
Aim: a killer bee (chance to affect: 57%)
The killer bee suddenly stops moving!
The wight hits you with a +4 scimitar!
* * * LOW HITPOINT WARNING * * *
Unknown command.
Unknown command.
You punch the wight!
The wight is severely damaged.
The wight hits you with a +4 scimitar!
You die...

.......#.......#
.......#.......#
.......#.......#
..##...# #...##########
#÷#########...##.##....#
..#..............#.....#
..'..............'.....#
.÷#............yz#.....#
..##....###...##h##....#
..#########...##########
...#...................#
...#........>).........#
...#.......[.).........#
...#...................#
####.#######..###......#
..####.....#..###......#
.....#.....#...'.......#


You could see a killer bee (paralysed) and a wight.

Vanquished Creatures
  2 water moccasins
  Duvessa (D:5)
  An ice beast (D:5)
  A sky beast (D:4)
  4 black bears
  A centaur (D:6)
  2 phantoms
  A bullfrog (D:6)
  2 scorpions (D:5)
  A wight (D:6)
  Dowan (D:5)
  3 howler monkeys
  2 bombardier beetles
  A hound (D:7)
  An orc priest (D:4)
  3 sleepcaps
  3 iguanas
  2 orc wizards (D:5)
  10 adders
  2 white imps (D:6)
  6 ufetubi
  2 dart slugs
  25 orcs
  8 bats
  5 endoplasms
  7 hobgoblins
  8 jackals
  6 kobolds
  A quokka (D:5)
  10 ball pythons
  5 frilled lizards
  6 goblins
  10 rats
143 creatures vanquished.

Notes
Turn   | Place    | Note
-------+----------+-------------------------------------------
     0 | D:1      | staltz the Djinni Shapeshifter began the quest for the Orb.
     0 | D:1      | Reached XP level 1. HP: 17/17 MP: 0/0
    76 | D:1      | Reached XP level 2. HP: 20/22 MP: 0/0
   492 | D:1      | Reached XP level 3. HP: 27/27 MP: 0/0
   492 | D:1      | Learned a level 1 spell: Necrotise
  1197 | D:2      | Reached XP level 4. HP: 19/32 MP: 0/0
  1445 | D:2      | Reached skill level 4 in Unarmed Combat
  1538 | D:2      | Reached XP level 5. HP: 31/37 MP: 0/0
  1538 | D:2      | Learned a level 2 spell: Ensorcelled Hibernation
  1567 | D:2      | Found Jotulaf's Jewellery Shop.
  1739 | D:2      | Found a faded altar of an unknown god.
  2577 | D:3      | Reached skill level 1 in Armour
  2690 | D:3      | Reached XP level 6. HP: 39/42 MP: 0/0
  2750 | D:3      | Identified the +2 leather armour of the Kodama {rF+++ MP+9
                  | Str+3 Dex-3}
  3109 | D:4      | Reached skill level 5 in Unarmed Combat
  3221 | D:4      | Found a snail-covered altar of Cheibriados.
  3226 | D:4      | Found an ornate altar of the Wu Jian Council.
  3260 | D:4      | Found a shadowy altar of Dithmenos.
  3262 | D:4      | Found a hide-covered altar of Uskayaw.
  3290 | D:4      | Noticed a sky beast
  3348 | D:4      | Killed a sky beast
  3494 | D:4      | Reached XP level 7. HP: 39/47 MP: 0/0
  3494 | D:4      | Learned a level 3 spell: Passwall
  3502 | D:4      | Became a worshipper of Beogh the Shepherd
  3654 | D:4      | Found a glowing golden altar of the Shining One.
  3657 | D:4      | Found a runed translucent gate.
  3657 | D:4      | Found a runed translucent gate.
  3657 | D:4      | Found a runed translucent gate.
  3777 | D:4      | Noticed Truedra's ghost (amateur CoHu)
  3777 | D:4      | Noticed brrff's ghost (amateur MiMo)
  4088 | D:5      | Entered Level 5 of the Dungeon
  4184 | D:5      | Reached skill level 6 in Unarmed Combat
  4300 | D:5      | Found a staircase to the Ecumenical Temple.
  4546 | D:5      | Reached XP level 8. HP: 21/53 MP: 0/0
  5108 | D:5      | Noticed Dowan
  5108 | D:5      | Noticed Duvessa
  5134 | D:5      | Killed Dowan
  5174 | D:5      | Killed Duvessa
  5175 | D:5      | Reached skill level 1 in Throwing
  5175 | D:5      | Reached skill level 7 in Unarmed Combat
  5386 | D:5      | Found a shimmering altar of Xom.
  6023 | D:6      | Reached * piety under Beogh
  6024 | D:6      | Reached XP level 9. HP: 36/58 MP: 0/0
  6024 | D:6      | Learned a level 3 spell: Tukima's Dance
  6110 | D:6      | HP: 2/58 [white imp/puff of frost (19)]
  6156 | D:6      | HP: 1/58 [water moccasin (4)]
  6166 | D:6      | Reached skill level 8 in Unarmed Combat
  6364 | D:6      | Reached skill level 5 in Armour
  6893 | D:7      | Found an opulent altar of Gozag.
  6906 | D:7      | Reached skill level 1 in Stealth
  7017 | D:6      | Slain by a wight

Illustrated notes

Levels and vault maps discovered:
D:1:      minmay_arrival_four_loops, layout_basic, serial_glass,
          glass_columns_a, glass_columns_c
D:2:      layout_basic, basic_ecumenical_altar, serial_shops, shop
D:3:      layout_basic, kennysheep_generic_room_3
D:4:      layout_loops_ring, mainiacjoe_overflow_tiny_flanked,
          nicolae_overflow_macrodata_refinement, gammafunk_ghost_cemetery,
          serial_bayou_lagoon_b
D:5:      layout_loops_ring, tgw_xom, minmay_temple_entry_antechambers,
          minmay_misc_feat_secret_circle, eino_tiny_chamber, uniq_duvessa
D:6:      cheibrodos_helix_gallery, layout_gridville, portal_sewer_entry_e,
          minmay_hedge_maze
D:7:      cheibrodos_barr_body, layout_basic, nicolae_gozag_seed_capital,
          serial_shops, shop_statue, minmay_stone_trees_medium

Skill      XL: |  1  2  3  4  5  6  7  8  9 |
---------------+----------------------------+-----
Shapeshifting  | 3 4 |  4.4
Unarmed Combat | 4 5 6 7 8 |  8.5
Dodging        | 3 4 |  4.7
Armour         | 1 3 4 5 |  5.4
Throwing       | 1 |  1.6
Fighting       | 2 |  2.5
Stealth        | 1 |  1.0

Action                     |  1- 3 |  4- 6 |  7- 9 || total
---------------------------+-------+-------+-------++-------
  Melee: Unarmed           |   101 |   154 |   306 ||   561
         Punch             |     5 |     3 |    18 ||    26
  Throw: Stone             |       |     9 |       ||     9
         Boomerang         |       |     3 |    25 ||    28
 Invoke: Convert to Beogh  |       |       |     1 ||     1
  Evoke: Wand              |       |       |     1 ||     1
    Use: Scroll            |       |     2 |     3 ||     5
         Potion            |       |       |     5 ||     5
 Armour: Animal skin       |    46 |       |       ||    46
         Ring mail         |       |    76 |   264 ||   340
         Skin              |       |       |     4 ||     4
  Dodge: Dodged            |    57 |    56 |   238 ||   351

Table legend: (Time is in decaauts)
 A = Elapsed time spent in this place.
 B = Non-inter-level travel time spent in this place.
 C = Inter-level travel time spent in this place.
 D = Time resting spent in this place.
 E = Time spent auto-exploring this place.
 F = Levels seen in this place.
 G = Mean time per level.
                   A        B        C        D        E       F      G
               +--------+--------+--------+--------+--------+-----+--------+
         Total |   6977 |   6622 |    355 |   1374 |   3566 |   7 |  996.7 |
       Dungeon |   6977 |   6622 |    355 |   1374 |   3566 |   7 |  996.7 |
               +--------+--------+--------+--------+--------+-----+--------+

Top non-repeatable levels by time:
     D:5: 1843 daAuts
     D:1: 1157 daAuts
     D:2: 1146 daAuts
     D:6: 1034 daAuts
     D:4: 997 daAuts
     D:3: 768 daAuts
     D:7: 29 daAuts
